 Dungeon Crawl Stone Soup version 0.31-a0-532-g28f74ba3e5 (webtiles) character file.

Game seed: 4700305371835053535

2697 LeprechaunX the Mimic (level 9, -10/54 HPs)
             Began as an Octopode Shapeshifter on Aug 13, 2023.
             Was a Follower of Hepliaklqana.
             Mangled by a wyvern (19 damage)
             ... on level 7 of the Dungeon.
             The game lasted 00:10:08 (5535 turns).

LeprechaunX the Mimic (Octopode Shapeshifter)       Turns: 5535, Time: 00:10:09

Health: -10/54     AC:  1    Str: 21    XL:     9   Next: 65%
Magic:  22/22      EV: 15    Int: 16    God:    Hepliaklqana [*.....]
Gold:   345        SH:  5    Dex: 15    Spells: 11/14 levels left

rFire   + . .        o - +9 whip of the Big Bang {vamp, *Noise Fly Str+2 Dex+3}
rCold   . . .        (no shield)
rNeg    . . .        (helmet currently unavailable)
rPois   .            t - amulet of reflection
rElec   .            e - +6 ring of intelligence
rCorr   .            g - ring of protection from fire
SInv    .            x - ring of magical power
Will    .....        (no ring)
Stlth   ++           (no ring)
HPRegen 0.29/turn    (no ring)
MPRegen 0.18/turn    (no ring)
                     (no ring)

%: reflection
@: beast-form, flying
A: beast (slay +4), reduced essence, almost no armour, amphibious, 8 rings,
camouflage 1, gelatinous body 1, (nimble swimmer 1), tentacles
a: Begin Untransformation, Renounce Religion, Recall Ancestor, Ancestor Identity


You were on level 7 of the Dungeon.
You worshipped Hepliaklqana.
Hepliaklqana was aware of your devotion.
You were a hulking beast.
You visited 2 branches of the dungeon, and saw 8 of its levels.
You also visited: Sewer.

You collected 345 gold pieces.

Inventory:

Hand Weapons
 o - the +9 whip of the Big Bang (weapon) {vamp, *Noise Fly Str+2 Dex+3}
   (You found it on level 3 of the Dungeon)

   Str+2:     It affects your strength (+2).
   Dex+3:     It affects your dexterity (+3).
   Fly:       It grants you flight.
   *Noise:    It may make a loud noise when swung.
Missiles
 z - 4 javelins
Jewellery
 e - a +6 ring of intelligence (left tentacle)
 g - a ring of protection from fire (right tentacle)
 t - an amulet of reflection (around mantle)
 x - a ring of magical power (on tentacle)
 C - the amulet of Dupoakh {RegenMP Harm rC+}
   (You found it on level 6 of the Dungeon)

   [amulet of magic regeneration]

   RegenMP:   It increases your rate of magic regeneration.
   rC+:       It protects you from cold.
   Harm:      It increases damage dealt and taken.
Talismans
 b - a beast talisman (active)
 c - a flux talisman
 v - a maw talisman
Wands
 u - a wand of roots (2)
 D - a wand of flame (15)
Scrolls
 f - 3 scrolls of immolation {unknown}
 i - 4 scrolls of identify {unknown}
 j - a scroll of enchant weapon {unknown}
 n - 2 scrolls of enchant armour {unknown}
 w - 3 scrolls of fear {unknown}
 y - 3 scrolls of teleportation {unknown}
Potions
 a - a potion of lignification
 d - 6 potions of haste {unknown}
 h - a potion of cancellation {unknown}
 k - a potion of resistance {unknown}
 l - 3 potions of magic {unknown}
 m - a potion of brilliance {unknown}
 p - a potion of berserk rage {unknown}
 q - 2 potions of degeneration {unknown}
 r - a potion of might {unknown}
 s - a potion of heal wounds {unknown}
 A - 7 potions of curing {unknown}
 E - a potion of mutation {unknown}
 F - a potion of attraction {unknown}


   Skills:
 - Level 5.0 Fighting
 - Level 2.0 Maces & Flails
 - Level 5.4 Dodging
 - Level 4.1 Unarmed Combat
 - Level 3.0 Spellcasting
 + Level 2.5 Ice Magic
 + Level 8.1 Shapeshifting


You had 11 spell levels left.
You knew the following spells:

 Your Spells              Type           Power      Damage    Failure   Level
a - Ozocubu's Armour      Ice            10%        N/A       21%         3

Your spell library contained the following spells:

 Spells                   Type           Power      Damage    Failure   Level
 Apportation              Tloc           4%         N/A       19%         1
 Necrotise                Necr           8%         1d4       19%         1
 Summon Small Mammal      Summ           8%         N/A       19%         1
 Poisonous Vapours        Pois/Air       4%         N/A       28%         2
 Dazzling Flash           Conj/Hex       4%         N/A       50%         3
 Mephitic Cloud           Conj/Pois/Air  2%         N/A       50%         3
 Vhi's Electric Charge    Tloc/Air       4%         N/A       50%         3
 Freezing Cloud           Conj/Ice/Air   2%         6-21      98%         5
 Agony                    Necr           2%         N/A       99%         5
 Arcjolt                  Conj/Air       1%         1d11      99%         5
 Silence                  Hex/Air        1%         N/A       99%         5
 Plasma Beam              Fire/Air       1%         2x1d11    100%        6
 Ozocubu's Refrigeration  Ice            5%         4d8       100%        7


Dungeon Overview and Level Annotations

Branches:
Dungeon (7/15)             Temple (1/1) D:6           Sewer (visited)

Altars:
Ashenzari
Cheibriados
Dithmenos
Fedhas
Gozag
Hepliaklqana
Kikubaaqudgha
Makhleb
Nemelex Xobeh
Okawaru
Qazlal
Ru
Sif Muna
Trog
Uskayaw
Wu Jian
Yredelemnul
Zin
The Shining One

Shops:
D:4 !


Innate Abilities, Weirdness & Mutations

You are a hulking beast.
Your limbs bulge with bestial killing power. (Slay +4)
Your life essence is reduced to manifest your ancestor. (-10% HP)
You cannot wear most types of armour.
You are amphibious.
You can wear up to eight rings at the same time.
Your skin changes colour to match your surroundings (Stealth+).
Your rubbery body absorbs attacks. (AC +1, EV +1)
((You are camouflaged when in or above water. (Stealth+)))
You have tentacles for arms and can constrict up to eight enemies at once.


Message History

You constrict the bullfrog. The bullfrog hits you.
The bullfrog barely misses you.
You whack the bullfrog! You squeeze the bullfrog.
You kill the bullfrog!
The wyvern hisses angrily.
You see here a bullfrog corpse.
The wyvern misses you. The wyvern bites you!
You hit the wyvern but do no damage. Your squeeze misses the wyvern.
The wyvern bites you!
You whack the wyvern!
The wyvern is moderately wounded.
The wyvern bites you! x2
* * * LOW HITPOINT WARNING * * *
You are too injured to fight recklessly!
You are too injured to fight recklessly!
You swap places.
The wyvern bites Tiberius.
Tiberius hits the wyvern but does no damage.
You see here a bullfrog corpse.
Unknown command.
The wyvern bites Tiberius!!
The wyvern barely misses Tiberius.
Tiberius hits the wyvern.
The wyvern closely misses Tiberius.
Tiberius hits the wyvern but does no damage.
The wyvern bites Tiberius!!
Tiberius is destroyed!
Throw: throwing net
Press: ? - help, Q - select action, (/) - cycle Shift-Dir - straight line, f - wyvern
Aim: a wyvern (heavily wounded, 63% to hit)
You throw a throwing net. The throwing net hits the wyvern.
The wyvern is caught in the net!
The wyvern is heavily wounded.
The wyvern struggles against the net. x2
The wyvern struggles against the net.
The wyvern struggles against the net. x2
The net rips apart, and the wyvern comes free!
The wyvern hisses menacingly.
You completely miss the wyvern. Your squeeze misses the wyvern.
The wyvern is heavily wounded.
The wyvern bites you!!
You die...

#..........#.# #
#.###..#####.# #.# # #.# #.#
.. #.# .# #.# .. #.## #.#
#.##..## #..# #.# #.##...#
##.# #.# #.##.#.#
####l######.# #.##.#.#
#..h......#.#
#.##.#.###.##.####.#.#
#.##......#..........########
#.##...###.####.##...........
#.........)..........#######.
####)....#.####.###.## #.
##..#.....##.# #.# #.
#..#.....##.# #.# #.
#..#.....##.###.# #.


You could see a wyvern.

Vanquished Creatures
  Maggie (D:6)
  Grinder (D:5)
  A steam dragon (D:7)
  Menkaure (D:6)
  2 water moccasins (D:6)
  Duvessa (D:6)
  A black bear (D:4)
  Pargi (Sewer)
  2 ice beasts (D:6)
  A sky beast (D:7)
  An ogre (D:5)
  2 centaurs
  2 phantoms (D:5)
  A bullfrog (D:7)
  Blork the orc (D:6)
  2 scorpions
  Dowan (D:6)
  A howler monkey (D:5)
  3 hounds
  An orc priest (D:7)
  A sleepcap (D:7)
  3 iguanas
  2 orc wizards
  5 adders
  A river rat (D:4)
  A shadow imp (D:7)
  14 orcs
  8 endoplasms
  2 giant cockroaches (D:1)
  5 goblins
  14 hobgoblins
  12 jackals
  7 kobolds
  5 quokkas
  7 ball pythons
  6 bats
  2 frilled lizards
  4 rats
126 creatures vanquished.

Vanquished Creatures (collateral kills)
  An orc wizard (D:6)
  An orc (D:6)
2 creatures vanquished.

Vanquished Creatures (others)
  2 ancestors (D:7)
2 creatures vanquished.

Grand Total: 130 creatures vanquished

Notes
Turn   | Place    | Note
-------+----------+-------------------------------------------
     0 | D:1      | LeprechaunX the Octopode Shapeshifter began the quest for
                  | the Orb.
     0 | D:1      | Reached XP level 1. HP: 13/13 MP: 1/1
   155 | D:1      | Reached XP level 2. HP: 18/18 MP: 2/2
   582 | D:1      | Reached XP level 3. HP: 15/23 MP: 3/3
  1726 | D:3      | Noticed an ogre
  1806 | D:3      | Reached XP level 4. HP: 26/29 MP: 4/4
  1872 | D:3      | Found a burning altar of Makhleb.
  1879 | D:3      | Identified the +9 whip of the Big Bang {vamp, *Noise Fly
                  | Str+2 Dex+3}
  2144 | D:4      | Noticed a scorpion
  2160 | D:4      | Killed a scorpion
  2161 | D:4      | Reached XP level 5. HP: 35/35 MP: 5/5
  2211 | D:4      | Noticed a black bear
  2217 | D:4      | Killed a black bear
  2218 | D:4      | Reached XP level 6. HP: 36/41 MP: 6/6
  2271 | D:4      | Found a glowing drain.
  2294 | Sewer    | Entered a sewer
  2332 | Sewer    | Noticed Pargi
  2398 | Sewer    | Killed Pargi
  2399 | Sewer    | Reached skill level 1 in Maces & Flails
  2399 | Sewer    | Reached skill level 4 in Shapeshifting
  2451 | D:4      | Found Giuxtadd's Distillery.
  2900 | D:5      | Entered Level 5 of the Dungeon
  2981 | D:5      | Reached XP level 7. HP: 42/46 MP: 7/7
  3351 | D:5      | Noticed Grinder
  3361 | D:5      | Killed Grinder
  3362 | D:5      | Reached skill level 5 in Dodging
  3362 | D:5      | Reached skill level 5 in Shapeshifting
  3362 | D:5      | Reached XP level 8. HP: 45/54 MP: 8/8
  3464 | D:5      | Reached skill level 5 in Fighting
  3512 | D:5      | Learned a level 3 spell: Ozocubu's Armour
  3569 | D:6      | Found a staircase to the Ecumenical Temple.
  3577 | Temple   | Entered the Ecumenical Temple
  3589 | Temple   | Became a worshipper of Hepliaklqana the Forgotten
  3640 | D:6      | Reached skill level 1 in Spellcasting
  3801 | D:6      | Noticed Duvessa
  3801 | D:6      | Noticed Dowan
  4278 | D:6      | Identified the amulet of Dupoakh {RegenMP Harm rC+}
  4326 | D:6      | Killed Duvessa
  4326 | D:6      | Noticed Menkaure
  4327 | D:6      | Reached skill level 6 in Shapeshifting
  4328 | D:6      | Noticed Blork the orc
  4329 | D:6      | Killed Dowan
  4336 | D:6      | Killed Menkaure
  4336 | D:6      | HP: 2/55 [Blork the orc/+0 trident (13)]
  4337 | D:6      | Reached XP level 9. HP: 2/61 MP: 13/13
  4344 | D:6      | HP: 3/61 [Blork the orc/+0 trident (5)]
  4345 | D:6      | Killed Blork the orc
  4544 | D:6      | Reached * piety under Hepliaklqana
  4723 | D:6      | Noticed Maggie
  4733 | D:6      | Killed Maggie
  4734 | D:6      | Reached skill level 7 in Shapeshifting
  5087 | D:7      | Reached skill level 1 in Ice Magic
  5168 | D:7      | Reached skill level 8 in Shapeshifting
  5535 | D:7      | Mangled by a wyvern

Illustrated notes

Levels and vault maps discovered:
D:1:      nicolae_arrival_somewhat_less_tricky_arrival, layout_basic
D:2:      layout_loops_ring
D:3:      layout_loops_ring, bloody_makhleb, serial_glass, glass_columns_a,
          glass_columns_a, glass_columns_c, glass_columns_c, glass_columns_b,
          glass_columns_a, due_unseen_surprise, minmay_strange_pillars,
          item_on_display_a, solitary_fountain, minmay_misc_feat_rows
D:4:      layout_loops_ring, portal_sewer_entry_a, serial_shops,
          nicolae_shop_just_a_little_nook, serial_glass, glass_columns_b,
          glass_columns_a, glass_columns_c, glass_columns_b, glass_columns_c,
          glass_columns_c, glass_columns_a, glass_columns_a, glass_columns_a,
          glass_columns_a, serial_bayou_pond_e, sigmund_army
D:5:      layout_basic, uniq_grinder
D:6:      layout_cave_pods, temple_doors_cd, uniq_maggie, uniq_menkaure,
          uniq_duvessa, uniq_blork_the_orc
D:7:      layout_loops_ring
Temple:   mainiacjoe_temple_coin_purse

Skill      XL: |  1  2  3  4  5  6  7  8  9 |
---------------+----------------------------+-----
Fighting       | 2 3 4 5 |  5.0
Dodging        | 3 4 5 |  5.4
Unarmed Combat | 4 |  4.1
Maces & Flails | 1 2 |  2.0
Shapeshifting  | 4 5 6 8 |  8.1
Spellcasting   | 3 |  3.0
Ice Magic      | 2 |  2.5

Action                     |  1- 3 |  4- 6 |  7- 9 || total
---------------------------+-------+-------+-------++-------
  Melee: Unarmed           |    69 |     3 |       ||    72
         Constrict         |    14 |    16 |    25 ||    55
         Punch             |     1 |     3 |     4 ||     8
         Tentacles         |     8 |     7 |    25 ||    40
         Whip              |       |    73 |   114 ||   187
  Throw: Javelin           |       |       |     6 ||     6
         Throwing net      |       |       |     1 ||     1
   Stab: Sleeping          |    10 |       |     4 ||    14
 Armour: Skin              |     6 |     6 |     3 ||    15
  Dodge: Dodged            |    38 |    47 |    52 ||   137
  Block: Other             |       |     7 |    13 ||    20
         Reflection        |       |       |     1 ||     1

Table legend: (Time is in decaauts)
 A = Elapsed time spent in this place.
 B = Non-inter-level travel time spent in this place.
 C = Inter-level travel time spent in this place.
 D = Time resting spent in this place.
 E = Time spent auto-exploring this place.
 F = Levels seen in this place.
 G = Mean time per level.
                   A        B        C        D        E       F      G
               +--------+--------+--------+--------+--------+-----+--------+
         Total |   5535 |   5288 |    247 |    633 |   3613 |   9 |  615.0 |
       Dungeon |   5379 |   5154 |    225 |    633 |   3590 |   7 |  768.4 |
        Temple |     25 |      3 |     22 |      0 |      0 |   1 |   25.0 |
         Sewer |    130 |    130 |      0 |      0 |     23 |   1 |  130.0 |
               +--------+--------+--------+--------+--------+-----+--------+

Top non-repeatable levels by time:
     D:6: 1484 daAuts
     D:1: 969 daAuts
     D:2: 666 daAuts
     D:4: 659 daAuts
     D:5: 652 daAuts
     D:7: 474 daAuts
     D:3: 472 daAuts
   Sewer: 130 daAuts
  Temple: 25 daAuts
